 Dungeon Crawl Stone Soup version 0.21.0-26-g889b8f6872 (webtiles) character file.

122 FessEmpty2 the Skirmisher (level 4, 0/37 HPs)
             Began as a Demonspawn Fighter on Jan 28, 2018.
             Slain by a gnoll
             ... wielding a +0 whip
              (4 damage)
             ... on level 1 of the Dungeon.
             The game lasted 00:02:43 (1315 turns).

FessEmpty2 the Skirmisher (Demonspawn Fighter)      Turns: 1315, Time: 00:02:43

Health: 0/37       AC:  6    Str: 17    XL:     4   Next: 78%
Magic:  4/4        EV:  8    Int: 10    God:
Gold:   131        SH:  9    Dex: 12    Spells: 3/3 levels left

rFire    . . .     SeeInvis .   a - +0 flail
rCold    . . .     Gourm    .   c - +0 shield
rNeg     . . .     Faith    .   b - +0 scale mail
rPois    .         Spirit   .   (helmet restricted)
rElec    .         Reflect  .   (no cloak)
rCorr    .         Harm     .   (no gloves)
MR       .....                  (no boots)
Stlth    ..........             (no amulet)
HPRegen  0.12/turn              g - +1 ring of evasion
MPRegen  0.09/turn              (no ring)

@: glowing
A: horns 1, powered by death 1
a: no special abilities


You were on level 1 of the Dungeon.
You were very hungry.

You visited 1 branch of the dungeon, and saw 2 of its levels.

You collected 131 gold pieces.

Inventory:

Hand Weapons
 a - a +0 flail (weapon)
Armour
 b - a +0 scale mail (worn)
 c - a +0 shield (worn)
Jewellery
 g - a +1 ring of evasion (left hand)
Scrolls
 e - 3 scrolls of remove curse
 h - a scroll of immolation {unknown}
 i - a scroll of magic mapping {unknown}
 k - a scroll of blinking {unknown}
 l - a scroll of enchant weapon {unknown}
Potions
 d - 2 potions of might
 j - a potion of curing {unknown}
 m - a potion of brilliance {unknown}
Comestibles
 f - 2 rations


   Skills:
 + Level 3.8 Fighting
 + Level 2.7 Maces & Flails
 + Level 3.4 Armour
 + Level 3.4 Shields


You had 3 spell levels left.
You didn't know any spells.

Dungeon Overview and Level Annotations

Branches:
Dungeon (2/15)

Altars:


Innate Abilities, Weirdness & Mutations

You have a pair of small horns on your head.
You regenerate a little health from kills.


Message History

You block the gnoll's attack. The gnoll closely misses you.
The gnoll barely misses you. The gnoll hits you with a whip.
* * * LOW HITPOINT WARNING * * *
You block the gnoll's attack. The gnoll barely misses you.
The gnoll hits you with a whip.
* * * LOW HITPOINT WARNING * * *
You hit the gnoll. Your headbutt misses the gnoll.
The gnoll is lightly wounded.
You block the gnoll's attack. The gnoll hits you with a whip.
* * * LOW HITPOINT WARNING * * *
You hit the gnoll but do no damage.
The gnoll is lightly wounded.
The gnoll barely misses you. The gnoll hits you but does no damage.
You hit the gnoll but do no damage.
The gnoll is lightly wounded.
The gnoll hits you with a whip.
You die...

###.............#
#.....#########.# ###.###.# #.#
....# #.# #.# ..#.###.# #.#
..#.....# #.# ..#####.#
######.# ..#####.####......#
.............###@.#
.........#######g.#########
..####.#.......รท..........#
.....#....######..#######.#
........)......#..# ##)##
..##.#....####.#..######...####
.....#.#.#####............(...#
.###..............######..(##.#
.# #.#.#.#####.#### ##..##.#


You could see a gnoll.

Vanquished Creatures
  A gnoll shaman (D:1)
  A gnoll (D:2)
  4 adders (D:2)
  An ooze (D:1)
  A worm (D:2)
  2 dart slugs (D:2)
  9 bats
  6 goblins
  A hobgoblin (D:1)
  A quokka (D:2)
  A ball python (D:1)
  2 frilled lizards (D:2)
  4 kobolds
  6 rats
40 creatures vanquished.

Notes
Turn   | Place    | Note
-------+----------+-------------------------------------------
     0 | D:1      | FessEmpty2 the Demonspawn Fighter began the quest for the Orb.
     0 | D:1      | Reached XP level 1. HP: 18/18 MP: 1/1
     2 | D:1      | Noticed a vampire
     2 | D:1      | Noticed a vine stalker
     4 | D:1      | Noticed a merfolk
     4 | D:1      | Noticed a naga
     6 | D:1      | Noticed a formicid
     6 | D:1      | Noticed a demigod
     8 | D:1      | Noticed a dwarf
    10 | D:1      | Noticed a halfling
    12 | D:1      | Noticed a minotaur
    12 | D:1      | Noticed a spriggan
    14 | D:1      | Noticed a draconian
    14 | D:1      | Noticed a centaur
    16 | D:1      | Noticed a tengu
    16 | D:1      | Noticed an octopode
    18 | D:1      | Noticed a ghoul
    20 | D:1      | Noticed a demonspawn
    22 | D:1      | Noticed a gargoyle
    22 | D:1      | Noticed an ogre
    24 | D:1      | Noticed an elf
    24 | D:1      | Noticed a troll
    26 | D:1      | Noticed a human
    26 | D:1      | Noticed a felid
   119 | D:1      | Gained mutation: You have a pair of small horns on your head. [demonic ancestry]
   119 | D:1      | Reached XP level 2. HP: 24/24 MP: 2/2
   415 | D:1      | You fall through a shaft!
   477 | D:2      | Reached XP level 3. HP: 15/29 MP: 3/3
   719 | D:2      | Gained mutation: You regenerate a little health from kills. [demonic ancestry]
   719 | D:2      | Reached XP level 4. HP: 15/36 MP: 4/4
  1315 | D:1      | Slain by a gnoll

Skill      XL: |  1  2 |
---------------+-------+-----
Maces & Flails | 2 |  2.7
Armour         | 3 |  3.4
Shields        | 3 |  3.4
Fighting       | |  3.8

Action                   |  1- 3 |  4- 6 || total
-------------------------+-------+-------++-------
Melee: Flail             |    80 |    46 ||   126
       Headbutt          |     9 |     6 ||    15
  Use: Scroll            |       |     1 ||     1
Armor: Scale mail        |    28 |    14 ||    42
Dodge: Dodged            |    32 |    33 ||    65
Block: Shield            |    36 |    36 ||    72
